 Dungeon Crawl Stone Soup version 0.27.0-1-g7a089689b8 (webtiles) character file.

Game seed: 10400394156406470975

3 Spectrina the Ducker (level 1, -1/13 HPs)
             Began as a Deep Elf Monk on Aug 12, 2021.
             Succumbed to an adder's poison
             ... on level 3 of the Dungeon.
             The game lasted 00:01:47 (189 turns).

Spectrina the Ducker (Deep Elf Monk)                 Turns: 189, Time: 00:01:48

Health: -1/13      AC:  2    Str:  8    XL:     1   Next: 41%
Magic:  3/3        EV: 13    Int: 14    God:
Gold:   7          SH:  0    Dex: 17    Spells: 0/0 levels left

rFire    . . .     SeeInvis .   a - +0 short sword
rCold    . . .     Faith    .   (no shield)
rNeg     . . .     Spirit   .   b - +0 robe
rPois    .         Reflect  .   (no helmet)
rElec    .         Harm     .   (no cloak)
rCorr    .         Rampage  .   (no gloves)
Will     .....                  (no boots)
Stlth    ++........             (no amulet)
HPRegen  0.04/turn              (no ring)
MPRegen  0.08/turn              (no ring)

@: lethally poisoned (-1 -> -12)
A: no striking features
a: no special abilities


You were on level 3 of the Dungeon.
You visited 1 branch of the dungeon, and saw 3 of its levels.

You collected 7 gold pieces.

Inventory:

Hand Weapons
 a - a +0 short sword (weapon)
Missiles
 d - a stone (quivered)
Armour
 b - a +0 robe (worn)
Scrolls
 c - a scroll of noise {unknown}
 e - a scroll of teleportation {unknown}


   Skills:
 - Level 2.4 Fighting
 - Level 3.0 Short Blades
 - Level 3.6 Dodging
 + Level 2.9 Stealth
 + Level 0.0 Spellcasting


You couldn't memorise any spells.
You didn't know any spells.
Your spell library contained the following spells:

 Spells                   Type           Power      Damage    Failure   Level
 Ensorcelled Hibernation  Hex/Ice        0%         N/A       41%         2
 Spider Form              Tmut/Pois      0%         N/A       65%         3
 Shadow Creatures         Summ           N/A        N/A       100%        6


Dungeon Overview and Level Annotations

Branches:
Dungeon (3/15)

Altars:

Annotations:
D:3 2 runed translucent doors


Message History

The adder is moderately wounded.
The adder closely misses you.
You hit the adder.
The adder is heavily wounded.
The adder bites you.
You barely miss the adder.
The adder is heavily wounded.
The adder bites you but does no damage.
A quokka comes into view.
The adder bites you.
You are poisoned.
The adder poisons you!
You feel sick.
You feel sick.
You see here a viscous inky potion.
It was a potion of curing.
You feel better. The adder bites you.
You are poisoned.
The adder poisons you! The adder bites you.
You miss the adder.
The adder is heavily wounded.
You feel sick. The adder bites you.
You are lethally poisoned!
The adder poisons you!
Unknown command.
You closely miss the adder.
The adder is heavily wounded.
You feel sick. The adder barely misses you.
You closely miss the adder.
The adder is heavily wounded.
You feel sick. The adder completely misses you.
You hit the adder.
The adder is heavily wounded.
* * * LOW HITPOINT WARNING * * *
You feel sick. The adder bites you.
* * * LOW HITPOINT WARNING * * *
You are more poisoned.
The adder poisons you!
You barely miss the adder.
The adder is heavily wounded.
You die...

######.....# #
#.....#############
#8+8.........#>....
.######.#.##............
.....+..#.#.............
.....+..#...............
.######.#)..............
#8'8.#............. #
#....#.....@.......
######....##....S.......
..........###.....#.....
#.#..#...## #####.# #..#
#....#...# .# ..
####.#...# .. # ..#.#...
... .#..##### ...# #.
.## ....


You could see an adder.

Vanquished Creatures
  A hobgoblin (D:1)
  A frilled lizard (D:2)
  A kobold (D:2)
  A rat (D:1)
4 creatures vanquished.

Notes
Turn   | Place    | Note
-------+----------+-------------------------------------------
     0 | D:1      | Spectrina the Deep Elf Monk began the quest for the Orb.
     0 | D:1      | Reached XP level 1. HP: 13/13 MP: 3/3
   162 | D:3      | Found a large runed translucent door.
   163 | D:3      | Found a large runed translucent door.
   189 | D:3      | Succumbed to an adder's poison

Illustrated notes

Levels and vault maps discovered:
D:1:      minmay_arrival_plants_in_alcoves, layout_basic,
          shapermc_ecumenical_altar_venn, serial_shops, nicolae_shop_stone
D:2:      layout_basic, uniq_terence
D:3:      layout_rooms, jmf_multi_god_temple2

Action                   || total
-------------------------++-------
Melee: Short sword       ||    23
  Use: Potion            ||     1
 Stab: Sleeping          ||     1
Armor: Robe              ||     4
Dodge: Dodged            ||    12
